 Dungeon Crawl Stone Soup version 0.23.2-1-ga50397a (webtiles) character file.

Game seed: 5091502163764801723

51 Fang the Skirmisher (level 3, -1/24 HPs)
             Began as a Gargoyle Berserker on Apr 15, 2019.
             Was a Believer of Trog.
             Slain by Terence
             ... wielding a +0 mace
              (2 damage)
             ... on level 2 of the Dungeon.
             The game lasted 00:00:36 (863 turns).

Fang the Skirmisher (Gargoyle Berserker)             Turns: 863, Time: 00:00:36

Health: -1/24      AC:  5    Str: 21    XL:     3   Next: 83%
Magic:  3/3        EV: 12    Int:  7    God:    Trog [**....]
Gold:   44         SH:  0    Dex:  9    Spells: 2/2 levels left

rFire    . . .     SeeInvis .   a - +0 hand axe
rCold    . . .     Gourm    .   (no shield)
rNeg     + . .     Faith    .   b - +0 animal skin
rPois    ∞         Spirit   .   (no helmet)
rElec    +         Reflect  .   (no cloak)
rCorr    .         Harm     .   (no gloves)
MR       .....                  (no boots)
Stlth    +.........             (no amulet)
HPRegen  0.08/turn              (no ring)
MPRegen  0.08/turn              (no ring)

@: berserk cooldown, slowed, very slow
A: negative energy resistance 1, electricity resistance, unbreathing,
petrification resistance, rot immunity, AC +3
a: Berserk, Trog's Hand, Renounce Religion


You were on level 2 of the Dungeon.
You worshipped Trog.
Trog was pleased with you.
You were hungry.

You visited 1 branch of the dungeon, and saw 2 of its levels.

You collected 44 gold pieces.

Inventory:

Hand Weapons
 a - a +0 hand axe (weapon)
Armour
 b - a +0 animal skin (worn)
Jewellery
 j - an uncursed ring of wizardry {unknown}
Scrolls
 f - a scroll of fear {unknown}
 h - 2 scrolls of identify {unknown}
 k - a scroll of enchant weapon {unknown}
Potions
 e - a potion of might {unknown}
 g - a potion of heal wounds {unknown}
 i - a potion of degeneration {unknown}
Comestibles
 c - a ration


   Skills:
 + Level 3.8 Fighting
 + Level 3.1 Axes
 + Level 2.9 Armour
 + Level 2.1 Dodging


You had 2 spell levels left.
You didn't know any spells.
Your spell library was empty.

Dungeon Overview and Level Annotations

Branches:
Dungeon (2/15)

Altars:

Annotations:
D:2 Terence


Innate Abilities, Weirdness & Mutations

You are resistant to torment.
Your stone body is resilient. (AC +3)
You are immune to poison.
You resist negative energy. (rN+)
You are resistant to electric shocks. (rElec)
You can survive without breathing.
You are immune to petrification.
You are immune to rotting.


Message History

You see here a hobgoblin corpse.
You feel a strong urge to attack something.
You are no longer berserk.
Trog's vigour flows through your veins.
You are exhausted.
You feel yourself slow down. The frilled lizard barely misses you.
The hobgoblin closely misses you.
You slash the frilled lizard!
You kill the frilled lizard!
Trog accepts your kill.
You closely miss the hobgoblin. The hobgoblin closely misses you.
The hobgoblin closely misses you.
Things that are here:
a stone; a frilled lizard corpse The hobgoblin hits you but does no damage.
Terence closely misses you. The hobgoblin hits you.
* * * LOW HITPOINT WARNING * * *
Terence hits you with a +0 mace.
You die...

....##...##..
##...#.?.....#... ##.
....#.#......(..#....
...#._.#..?.....#....
....#.#..............
.....#..........#...<
.....................
.........††g@<.......
.#..†.(.@....##...
#.....)†$#....#
....>.....†#.##.....
...........#.# .####
...#.........# .#
.............. .
...[.......##.. #
....$.....# ##


You could see Terence and a hobgoblin.

Vanquished Creatures
  2 adders (D:2)
  A worm (D:2)
  A dart slug (D:2)
  4 goblins
  5 hobgoblins
  4 kobolds
  4 bats
  2 frilled lizards
  6 rats
29 creatures vanquished.

Notes
Turn   | Place    | Note
-------+----------+-------------------------------------------
     0 | D:1      | Fang the Gargoyle Berserker began the quest for the Orb.
     0 | D:1      | Reached XP level 1. HP: 14/14 MP: 1/1
   116 | D:1      | Reached XP level 2. HP: 15/19 MP: 2/2
   821 | D:2      | Found a faded altar of an unknown god.
   836 | D:2      | Reached XP level 3. HP: 16/23 MP: 3/3
   847 | D:2      | Reached ** piety under Trog
   853 | D:2      | Noticed Terence
   863 | D:2      | HP: 1/24 [hobgoblin (3)]
   863 | D:2      | Slain by Terence

Skill      XL: |  1  2  3 |
---------------+----------+-----
Axes           | 3 |  3.1
Dodging        | 2 |  2.1
Fighting       | |  3.8
Armour         | |  2.9

Action                   || total
-------------------------++-------
Melee: Hand axe          ||    70
Invok: Berserk           ||     1
Armor: Animal skin       ||    33
Dodge: Dodged            ||    83
